 Dungeon Crawl Stone Soup version 0.28.0-53-g5a82cb258f (webtiles) character file.

Game seed: 965618272105484185

26 Sin92 the Skirmisher (level 2, -5/24 HPs)
             Began as a Demonspawn Fighter on July 5, 2022.
             Slain by Sigmund
             ... wielding a +0 scythe
              (6 damage)
             ... on level 2 of the Dungeon.
             The game lasted 00:00:42 (1037 turns).

Sin92 the Skirmisher (Demonspawn Fighter)           Turns: 1037, Time: 00:00:42

Health: -5/24      AC:  9    Str: 16    XL:     2   Next: 89%
Magic:  2/2        EV:  6    Int:  9    God:
Gold:   45         SH:  4    Dex: 12    Spells: 1/1 levels left

rFire   . . .      SeeInvis .   a - +0 trident
rCold   . . .      Faith    .   c - +0 buckler
rNeg    . . .      Spirit   .   i - +0 chain mail
rPois   .          Reflect  .   (no helmet)
rElec   .          Harm     .   (no cloak)
rCorr   .          Rampage  .   (no gloves)
Will    .....                   (no boots)
Stlth   ..........              (no amulet)
HPRegen 0.08/turn               (no ring)
MPRegen 0.08/turn               (no ring)

@: mighty
A: powered by pain 1
a: no special abilities


You were on level 2 of the Dungeon.
You visited 1 branch of the dungeon, and saw 2 of its levels.

You collected 45 gold pieces.

Inventory:

Hand Weapons
 a - a +0 trident (weapon)
Armour
 b - a +0 scale mail
 c - a +0 buckler (worn)
 i - a +0 chain mail (worn)
Scrolls
 e - a scroll of acquirement {unknown}
 g - a scroll of torment {unknown}
 h - a scroll of fear {unknown}
Potions
 f - a potion of invisibility {unknown}


   Skills:
 + Level 3.2 Fighting
 * Level 2.3 Polearms
 + Level 2.8 Armour
 + Level 0.7 Dodging
 + Level 2.9 Shields


You had one spell level left.
You didn't know any spells.
Your spell library was empty.

Dungeon Overview and Level Annotations

Branches:
Dungeon (2/15)

Altars:

Annotations:
D:2 Sigmund


Innate Abilities, Weirdness & Mutations

You sometimes gain a little power by taking damage.


Message History

You kill the bat!
HP restored.
You open the door.
Sigmund the Dreaded comes into view.
He is wielding a +0 scythe.
Sigmund shouts!
Sigmund is nearby!
A goblin comes into view. It is wielding a +0 dagger.
Sigmund casts a spell at you. The magic dart hits you.
There is an open door here.
There are monsters nearby!
The goblin shouts!
There are monsters nearby!
Sigmund hits you but does no damage.
There are monsters nearby!
There are monsters nearby!
You reach to attack!
You hit Sigmund.
Sigmund is lightly wounded.
Sigmund hits you from afar with a +0 scythe!
You are too injured to fight recklessly!
You feel very mighty all of a sudden. You block the goblin's attack.
You hit the goblin.
You kill the goblin!
Sigmund hits you from afar with a +0 scythe.
Sigmund points at you and mumbles some strange words.
The puff of flame hits you.
* * * LOW HITPOINT WARNING * * *
You closely miss Sigmund.
Sigmund is lightly wounded.
Sigmund casts a spell at you.
The magic dart hits you but does no damage.
You hit Sigmund.
Sigmund is lightly wounded.
Sigmund hits you with a +0 scythe.
* * * LOW HITPOINT WARNING * * *
You closely miss Sigmund.
Sigmund is lightly wounded.
Sigmund hits you with a +0 scythe.
You die...

###########
..........#
..........#
..........#
..........#
......@@..#
.......)..#
..........####
..........'..#
..........##.#
..........##.#
..........##.#
############.#
#.#


You could see Sigmund.

Vanquished Creatures
  2 dart slugs (D:1)
  4 bats
  3 endoplasms (D:1)
  A giant cockroach (D:1)
  2 goblins
  3 hobgoblins (D:1)
  A quokka (D:1)
  A ball python (D:1)
  4 rats (D:1)
21 creatures vanquished.

Notes
Turn   | Place    | Note
-------+----------+-------------------------------------------
     0 | D:1      | Sin92 the Demonspawn Fighter began the quest for the Orb.
     0 | D:1      | Reached XP level 1. HP: 18/18 MP: 1/1
   243 | D:1      | Gained mutation: You sometimes gain a little power by
                  | taking damage. [demonic ancestry]
   243 | D:1      | Reached XP level 2. HP: 24/24 MP: 2/2
  1027 | D:2      | Noticed Sigmund
  1036 | D:2      | HP: 1/24 [Sigmund/+0 scythe (6)]
  1037 | D:2      | Slain by Sigmund

Illustrated notes

Levels and vault maps discovered:
D:1:      onia_arrival_handbag, layout_basic, minmay_strange_pillars,
          hangedman_decor_points, roderic_serpentine_path,
          minmay_misc_feat_more_columns
D:2:      layout_basic, serial_shops, nicolae_shop_stone, hex_tiny, uniq_sigmund

Skill      XL: |  1 |
---------------+----+-----
Polearms       | 2 |  2.3
Fighting       | |  3.2
Armour         | |  2.8
Dodging        | |  0.7
Shields        | |  2.9

Action                   || total
-------------------------++-------
Melee: Trident           ||    55
  Use: Potion            ||     1
Armor: Scale mail        ||     7
       Chain mail        ||     6
Dodge: Dodged            ||    16
Block: Buckler           ||     8
